[Event "Early-Titled-Tuesday-Blitz-January-30-2024"]
[Site "Chess.com"]
[Date "2024.01.30"]
[Round "1"]
[White "js20000"]
[Black "ozen_metehan"]
[Result "1-0"]
[WhiteElo "2799"]
[BlackElo "2445"]
[TimeControl "180+1"]
[EndTime "8:02:42 PST"]
[Termination "js20000 won by resignation"]

1. d4 Nf6 2. c4 e6 3. Nc3 Bb4 4. e3 O-O 5. Bd3 c5 6. Ne2 b6 7.
a3 Bxc3+ 8. Nxc3 cxd4 9. exd4 d5 10. c5 bxc5 11. dxc5 Ba6 12. O-O Bxd3 13. Qxd3 Qc7 14. b4 Nc6 15. Bg5 Qe5 16. Bh4 d4 17. Nb5 Nd5 18.
Bg3 Qf6 19. Nd6 e5 20. Rfe1 Nf4 21. Qe4 Ne7 22. Bxf4 1-0

[Event "Early-Titled-Tuesday-Blitz-January-30-2024"]
[Site "Chess.com"]
[Date "2024.01.30"]
[Round "1"]
[White "Gentlejimmy7"]
[Black "MoreChessJulia"]
[Result "1-0"]
[WhiteElo "2566"]
[BlackElo "2057"]
[TimeControl "180+1"]
[EndTime "8:02:55 PST"]
[Termination "Gentlejimmy7 won by checkmate"]

1. c4 c5 2. Nf3 Nc6 3. d4 g6 4.
d5 Nb8 5. h4 h5 6. e4 d6 7. Nc3 Bg7 8. Be2 Bxc3+ 9. bxc3 Nf6 10. e5 dxe5 11. Nxe5 Nbd7 12. Nd3 Qa5 13. O-O Qxc3 14.
Bb2 Qa5 15. Nf4 O-O 16. Qc2 Re8 17. Nxg6 fxg6 18. Qxg6+ Kf8 19. Bxh5 Nxh5 20. Qxh5 Qb6 21. Qh8+ Kf7 22. Qg7# 1-0

[Event "Early-Titled-Tuesday-Blitz-January-30-2024"]
[Site "Chess.com"]
[Date "2024.01.30"]
[Round "1"]
[White "pfalcon1949"]
[Black "Mikayel99"]
[Result "0-1"]
[WhiteElo "1942"]
[BlackElo "2558"]
[TimeControl "180+1"]
[EndTime "8:02:56 PST"]
[Termination "Mikayel99 won by resignation"]

1. e4 e6 2. d4 d5 3. Nc3 dxe4 4. Nxe4 Nd7 5. Bd3 Ngf6 6. Ng3 c5 7. Nf3 cxd4 8.
Nxd4 Bc5 9. Nb3 Bb6 10. O-O O-O 11. h3 Qc7 12. Bg5 Qxg3 13. Bxf6 Nxf6 14. Qe2 Qc7 15.
Rad1 Bd7 16. Rfe1 Bc6 17. c3 Rad8 18. Bb1 Rxd1 19. Rxd1 Rd8 20. Re1 Qf4 21. Rf1 Qg5 0-1

[Event "Early-Titled-Tuesday-Blitz-January-30-2024"]
[Site "Chess.com"]
[Date "2024.01.30"]
[Round "1"]
[White "arenal72"]
[Black "LeoWin2012"]
[Result "1-0"]
[WhiteElo "2592"]
[BlackElo "2211"]
[TimeControl "180+1"]
[EndTime "8:03:01 PST"]
[Termination "arenal72 won by checkmate"]

1. d4 Nf6 2. Nc3 e6 3. e4 d5 4. Bg5 Be7 5. e5 Nfd7 6. Bxe7 Qxe7 7. Qg4 f5 8. exf6 Nxf6 9. Qh4 O-O 10. Bd3 c5 11.
Bxh7+ Kf7 12. Nf3 cxd4 13. Bg6+ Kxg6 14. Ne5+ Kf5 15. g4+ Kf4 16. Ne2+ Kxe5 17. Qg3+ Ke4 18. Qf4# 1-0

[Event "Early-Titled-Tuesday-Blitz-January-30-2024"]
[Site "Chess.com"]
[Date "2024.01.30"]
[Round "1"]
[White "Rud_Makarian"]
[Black "Airquake"]
[Result "1-0"]
[WhiteElo "3019"]
[BlackElo "2532"]
[TimeControl "180+1"]
[EndTime "8:03:02 PST"]
[Termination "Rud_Makarian won by resignation"]

1. d4 b6 2. Nf3 Bb7 3. c4 g6 4. g3 Bg7 5. Bg2 e6 6. O-O Ne7 7. Nc3 O-O 8. d5 exd5 9. cxd5 d6 10. Nd4 a6 11. e4 Re8 12. Be3 Nd7 13. Rc1 Kh8 14. h4 Ng8 15. h5 Ne5 16. f4 Nc4 17. Bf2 Nxb2 18. Qe2 Nf6 19. hxg6 Nxd5 20. gxf7 Rxe4 21.
Nxe4 Qh4 1-0

[Event "Early-Titled-Tuesday-Blitz-January-30-2024"]
[Site "Chess.com"]
[Date "2024.01.30"]
[Round "1"]
[White "Shield12"]
[Black "Nouali_Mohamed"]
[Result "1-0"]
[WhiteElo "3007"]
[BlackElo "2531"]
[TimeControl "180+1"]
[EndTime "8:03:13 PST"]
[Termination "Shield12 won by resignation"]

1. e4 c5 2. Nf3 Nc6 3. Bb5 Qc7 4.
Nc3 e6 5. Bxc6 Qxc6 6. d4 cxd4 7. Qxd4 a6 8. Bf4 Nf6 9. O-O-O Bc5 10. Qd2 O-O 11. Ne5 Nxe4 12. Qe1 1-0

[Event "Early-Titled-Tuesday-Blitz-January-30-2024"]
[Site "Chess.com"]
[Date "2024.01.30"]
[Round "1"]
[White "JoliyRoger"]
[Black "Duhless"]
[Result "0-1"]
[WhiteElo "2542"]
[BlackElo "3099"]
[TimeControl "180+1"]
[EndTime "8:03:14 PST"]
[Termination "Duhless won by resignation"]

1. d4 Nf6 2. Nf3 d5 3. c4 e6 4. e3 b6 5. Nc3 Bb7 6. b3 Bd6 7.
Bb2 O-O 8. Bd3 Nbd7 9. cxd5 exd5 10. O-O a6 11. Qc2 Re8 12. Ne2 Rc8 13. Ng3 g6 14. Qe2 Ra8 15. Rfd1 Qe7 16. Rac1 Qf8 17. Ne5 Nxe5 18.
dxe5 Rxe5 19. Bxe5 Bxe5 0-1

[Event "Early-Titled-Tuesday-Blitz-January-30-2024"]
[Site "Chess.com"]
[Date "2024.01.30"]
[Round "1"]
[White "EsmeraldasAnderson03"]
[Black "JakubPulpan"]
[Result "1-0"]
[WhiteElo "2410"]
[BlackElo "2705"]
[TimeControl "180+1"]
[EndTime "8:03:22 PST"]
[Termination "EsmeraldasAnderson03 won by resignation"]

1. d4 a6 2. e4 b5 3. a4 Bb7 4. axb5 axb5 5. Rxa8 Bxa8 6. Bxb5 Bxe4 7. Nf3 e6 8. Nbd2 Bb7 9. O-O Be7 10. c3 Nf6 11. Re1 O-O 12. Bd3 d6 13. Ne4 Nbd7 14. h3 c5 15. dxc5 Nxe4 16. Bxe4 Nxc5 17. Bxb7 Nxb7 18. b4 d5 19. Bf4 Nd6 20. Bxd6 Qxd6 21. Qd3 h6 22. Rb1 Bf6 23. c4 1-0

[Event "Early-Titled-Tuesday-Blitz-January-30-2024"]
[Site "Chess.com"]
[Date "2024.01.30"]
[Round "1"]
[White "Logman74"]
[Black "PawnEatingZombie"]
[Result "1-0"]
[WhiteElo "2576"]
[BlackElo "2148"]
[TimeControl "180+1"]
[EndTime "8:03:22 PST"]
[Termination "Logman74 won by resignation"]

1. e4 e6 2. d4 d5 3. Nc3 Nf6 4. Bg5 dxe4 5. Nxe4 Be7 6. Bxf6 Bxf6 7. Nf3 Nd7 8. Qd2 b6 9. Bd3 Bb7 10. O-O-O O-O 11.
h4 c5 12. Nfg5 h6 13. Nd6 Bxg5 14. hxg5 Qe7 15. Nxb7 Rab8 16. gxh6 g6 17. dxc5 bxc5 18. Na5 1-0

[Event "Early-Titled-Tuesday-Blitz-January-30-2024"]
[Site "Chess.com"]
[Date "2024.01.30"]
[Round "1"]
[White "KuzubovYuriy"]
[Black "Kotlyar_K"]
[Result "1-0"]
[WhiteElo "2879"]
[BlackElo "2493"]
[TimeControl "180+1"]
[EndTime "8:03:28 PST"]
[Termination "KuzubovYuriy won by resignation"]

1. d4 Nf6 2. Nf3 g6 3. Nbd2 d5 4. b4 Bg7 5. Bb2 O-O 6. e3 c6 7. c4 a5 8. b5 cxb5 9. cxb5 Nbd7 10. Bd3 Nb6 11. O-O h6 12. Rc1 Be6 13. Qb3 Qd7 14. Ne5 Qd8 15. Ba3 Nfd7 16. f4 f6 17. Nxg6 Rf7 18. f5 Nf8 19. Nxf8 Rxf8 20. fxe6 a4 21. Qd1 Qe8 22. Qg4 Kh8 23. Qf5 1-0

[Event "Early-Titled-Tuesday-Blitz-January-30-2024"]
[Site "Chess.com"]
[Date "2024.01.30"]
[Round "1"]
[White "Rsnr"]
[Black "tigurones"]
[Result "1-0"]
[WhiteElo "2856"]
[BlackElo "2477"]
[TimeControl "180+1"]
[EndTime "8:03:29 PST"]
[Termination "Rsnr won by resignation"]

1. d4 d5 2. c4 e6 3. Nc3 Nf6 4.
cxd5 exd5 5. Bg5 Bb4 6. e3 h6 7.
Bh4 g5 8. Bg3 Ne4 9. Rc1 h5 10.
f3 Nxg3 11. hxg3 c6 12. Bd3 Nd7 13. g4 Nf6 14. gxh5 Rxh5 15. Rxh5 Nxh5 16. Ne2 Qd6 17. Kf2 1-0

[Event "Early-Titled-Tuesday-Blitz-January-30-2024"]
[Site "Chess.com"]
[Date "2024.01.30"]
[Round "1"]
[White "komogro"]
[Black "vladislavkovalev"]
[Result "0-1"]
[WhiteElo "2475"]
[BlackElo "2856"]
[TimeControl "180+1"]
[EndTime "8:03:31 PST"]
[Termination "vladislavkovalev won by resignation"]

1. Nf3 Nf6 2. g3 g6 3. Bg2 Bg7 4. d4 O-O 5. c4 d6 6. O-O Nc6 7. Nc3 e5 8. d5 Nb8 9. b4 a5 10. Ba3 axb4 11. Bxb4 Na6 12. Ba3 b6 13. Nd2 Nc5 14.
Bb4 Na6 15. Ba3 Nd7 16. Qc2 f5 17. Rfd1 Nac5 18. Bb4 Na6 19. Ba3 e4 20. Rac1 Ne5 21. Nb5 Nc5 22. Nb3 Bd7 23. N3d4 Rf7 24. Bb4 Na6 25. Ba3 Qf6 26. Bb2 Nc5 27. Nxc7 Ba4 28. Nxa8 Bxc2 29. Rxc2 Qd8 0-1

[Event "Early-Titled-Tuesday-Blitz-January-30-2024"]
[Site "Chess.com"]
[Date "2024.01.30"]
[Round "1"]
[White "Yeritsyaan"]
[Black "cycygogne"]
[Result "1-0"]
[WhiteElo "2626"]
[BlackElo "2289"]
[TimeControl "180+1"]
[EndTime "8:03:32 PST"]
[Termination "Yeritsyaan won by resignation"]

1. c4 c5 2. Nc3 g6 3. e4 Bg7 4. d3 Nc6 5. Be3 d6 6. g3 e5 7. Bg2 Nge7 8. Nge2 O-O 9. Qd2 f5 10. Bh6 Nd4 11. Bxg7 Kxg7 12. exf5 Nexf5 13. O-O Nxe2+ 14. Nxe2 Nd4 15. Nxd4 cxd4 16. f4 Qe7 17. fxe5 dxe5 18. Rxf8 Qxf8 19. Re1 Qd6 20. Qe2 Bf5 21. Bxb7 Rb8 22.
Bg2 Kf6 23. b3 a5 24. g4 Bd7 25. g5+ Kg7 26. Qxe5+ Qxe5 27. Rxe5 a4 28. Re7+ 1-0

[Event "Early-Titled-Tuesday-Blitz-January-30-2024"]
[Site "Chess.com"]
[Date "2024.01.30"]
[Round "1"]
[White "Sanyura"]
[Black "RebecaJimnz"]
[Result "1-0"]
[WhiteElo "2631"]
[BlackElo "2304"]
[TimeControl "180+1"]
[EndTime "8:03:38 PST"]
[Termination "Sanyura won by resignation"]

1. e4 c5 2. Nf3 Nc6 3. d4 cxd4 4. Nxd4 g6 5. c4 Bg7 6. Be3 Nf6 7. Nc3 Ng4 8. Qxg4 Nxd4 9. Qd1 Ne6 10. Be2 Bxc3+ 11.
bxc3 Qa5 12. O-O Qxc3 13. Rc1 Qa5 14. f4 b6 15. f5 Nc5 16. Qd4 Rg8 17. Bg5 Bb7 18.
fxg6 hxg6 19. Bxe7 1-0

[Event "Early-Titled-Tuesday-Blitz-January-30-2024"]
[Site "Chess.com"]
[Date "2024.01.30"]
[Round "1"]
[White "Orest_Vovk"]
[Black "Alex_Sahakyan2006"]
[Result "0-1"]
[WhiteElo "2487"]
[BlackElo "2874"]
[TimeControl "180+1"]
[EndTime "8:03:41 PST"]
[Termination "Alex_Sahakyan2006 won by checkmate"]

1. h4 d5 2. h5 h6 3. e4 dxe4 4. Nc3 Nf6 5. Qe2 Nc6 6. Nxe4 Nd4 7. Nxf6+ gxf6 8. Qd1 Bf5 9. d3 e5 10. c3 Nc6 11.
Be3 Qd7 12. Qa4 O-O-O 13. O-O-O Kb8 14. g3 Qd5 15. Rh2 Be6 16. Bg2 Qxa2 17. Bxc6 bxc6 18.
Bxa7+ Kb7 19. Qxa2 Bxa2 20. Be3 Bb3 21. Rd2 f5 22. Rh4 Be7 23. Rh1 Ra8 24. Re2 Ra1+ 25. Kd2 Rd1# 0-1

[Event "Early-Titled-Tuesday-Blitz-January-30-2024"]
[Site "Chess.com"]
[Date "2024.01.30"]
[Round "1"]
[White "amintabatabaei"]
[Black "krucki03"]
[Result "0-1"]
[WhiteElo "2943"]
[BlackElo "2533"]
[TimeControl "180+1"]
[EndTime "8:03:44 PST"]
[Termination "krucki03 won by resignation"]

1. d4 Nf6 2. c4 c5 3. d5 b5 4.
cxb5 a6 5. bxa6 g6 6. Nc3 Bg7 7.
Nf3 O-O 8. a7 Rxa7 9. e4 e6 10.
Be2 exd5 11. exd5 d6 12. O-O Na6 13. h3 Re8 14. Bf4 Ne4 15. Bb5 Nxc3 16. bxc3 Bd7 17.
Bxd7 Qxd7 18. Qc2 Nc7 19. Rad1 Nb5 20. c4 Nc3 21. Rde1 Rxa2 22. Qb2 Rxb2 0-1

[Event "Early-Titled-Tuesday-Blitz-January-30-2024"]
[Site "Chess.com"]
[Date "2024.01.30"]
[Round "1"]
[White "Narek_Ghimoyan"]
[Black "Szparu"]
[Result "0-1"]
[WhiteElo "2425"]
[BlackElo "2769"]
[TimeControl "180+1"]
[EndTime "8:03:46 PST"]
[Termination "Szparu won by resignation"]

1. d4 d5 2. c4 e6 3. Nc3 Nf6 4. Nf3 dxc4 5. e4 b5 6. e5 Nd5 7. Nxb5 Nb6 8. Be2 Nc6 9. O-O Rb8 10. Nc3 Ba6 11. Qd2 Nb4 12. Qf4 N6d5 13. Nxd5 Nxd5 14. Qg3 Qd7 15. Nd2 Qc6 16. Ne4 Nb4 17. Bf3 Qd7 18.
Be3 Nc2 19. Rac1 Nxe3 20. fxe3 c3 21. bxc3 Bxf1 22. Rxf1 Kd8 23. Bh5 g6 24. Ng5 0-1

[Event "Early-Titled-Tuesday-Blitz-January-30-2024"]
[Site "Chess.com"]
[Date "2024.01.30"]
[Round "1"]
[White "spaski2004"]
[Black "Artyom_ChessMate"]
[Result "1-0"]
[WhiteElo "2969"]
[BlackElo "2519"]
[TimeControl "180+1"]
[EndTime "8:04:06 PST"]
[Termination "spaski2004 won by resignation"]

1. Nf3 d5 2. e3 Nf6 3. b3 e6 4.
Bb2 Be7 5. c4 O-O 6. Qc2 dxc4 7.
Bxc4 c5 8. Ng5 h6 9. h4 hxg5 10. hxg5 g6 11. Qe4 Nc6 12. Bxf6 Bxf6 13. Qh4 Re8 14.
gxf6 1-0

[Event "Early-Titled-Tuesday-Blitz-January-30-2024"]
[Site "Chess.com"]
[Date "2024.01.30"]
[Round "1"]
[White "FlemingA"]
[Black "Mops_2004"]
[Result "0-1"]
[WhiteElo "2427"]
[BlackElo "2776"]
[TimeControl "180+1"]
[EndTime "8:04:09 PST"]
[Termination "Mops_2004 won by resignation"]

1. e4 g6 2. Nc3 Bg7 3. h4 h5 4. d4 d6 5. Bg5 a6 6. Qd2 b5 7. O-O-O Bb7 8. f3 Nd7 9. Nh3 c5 10. d5 Qa5 11. Kb1 Nb6 12. Bd3 b4 13. Ne2 c4 14. a3 cxd3 15. axb4 dxc2+ 16. Qxc2 Qxb4 17. Bd2 Qc4 18. Bc3 Bxc3 19. Nxc3 Nf6 20. Ng5 Rc8 21. Qd2 Qb4 22. Qe2 Rxc3 23. Qd2 Rb3 24. Qxb4 Rxb4 0-1

[Event "Early-Titled-Tuesday-Blitz-January-30-2024"]
[Site "Chess.com"]
[Date "2024.01.30"]
[Round "1"]
[White "Lady_Nika"]
[Black "MagnusCarlsen"]
[Result "0-1"]
[WhiteElo "2550"]
[BlackElo "3295"]
[TimeControl "180+1"]
[EndTime "8:04:20 PST"]
[Termination "MagnusCarlsen won by resignation"]

1. e4 Nc6 2. d4 d5 3. e5 Bf5 4. c3 e6 5. f4 f6 6. Nf3 g5 7.
exf6 g4 8. Ne5 Nxf6 9. Bd3 Bd6 10. O-O O-O 11. Be3 Ne7 12. Bf2 Qe8 13. Bh4 Ne4 14.
Bxe7 Qxe7 15. Nxg4 Qh4 16. Ne5 Bxe5 17. dxe5 Kh8 18.
Qc2 Rg8 19. Nd2 Rxg2+ 20. Kxg2 Rg8+ 21. Kf3 Qh3+ 22. Ke2 Rg2+ 23. Kd1 Rxd2+ 24. Qxd2 Nxd2 0-1

[Event "Early-Titled-Tuesday-Blitz-January-30-2024"]
[Site "Chess.com"]
[Date "2024.01.30"]
[Round "1"]
[White "FrenchMonster2002"]
[Black "GothamChess"]
[Result "0-1"]
[WhiteElo "2406"]
[BlackElo "2749"]
[TimeControl "180+1"]
[EndTime "8:04:21 PST"]
[Termination "GothamChess won by resignation"]

1. e4 d5 2. exd5 Qxd5 3. Nf3 Nf6 4. d4 Bf5 5. c4 Qd8 6. Nc3 e6 7. Qb3 b6 8. Be2 Be7 9. O-O O-O 10. Bf4 Nc6 11.
Rad1 Na5 12. Qa4 Ne4 13. Nxe4 Bxe4 14. Rfe1 Bd6 15. Bxd6 cxd6 16. b4 Nb7 17. Qb3 a5 18. a3 Qc7 19. Nd2 Bg6 20. Bf3 Rfc8 21. Rc1 Ra7 22.
g3 axb4 23. axb4 Rca8 24. h4 Ra3 25. Qc3 Rxc3 0-1

[Event "Early-Titled-Tuesday-Blitz-January-30-2024"]
[Site "Chess.com"]
[Date "2024.01.30"]
[Round "1"]
[White "InitiatingASC"]
[Black "AlexPapasimakopoulos"]
[Result "0-1"]
[WhiteElo "2416"]
[BlackElo "2757"]
[TimeControl "180+1"]
[EndTime "8:04:24 PST"]
[Termination "AlexPapasimakopoulos won by resignation"]

1. d4 e6 2. c4 Nf6 3. Nc3 Bb4 4. e3 b6 5. Bd3 Bb7 6. Nf3 Ne4 7. Qc2 f5 8. Bd2 Nxd2 9. Qxd2 O-O 10. a3 Bxc3 11.
Qxc3 d6 12. O-O-O Nd7 13. Kb1 Nf6 14. Rhg1 Qe7 15. Nd2 Ng4 16. Rdf1 Nxh2 17. Re1 Ng4 18. Re2 e5 19. f3 e4 20. fxg4 exd3 21. Qxd3 fxg4 22. d5 Rae8 23. Rh1 h6 24. Qg6 Bc8 25. Rxh6 Bf5+ 0-1

[Event "Early-Titled-Tuesday-Blitz-January-30-2024"]
[Site "Chess.com"]
[Date "2024.01.30"]
[Round "1"]
[White "Bkmzzzzz"]
[Black "Adar_07"]
[Result "1-0"]
[WhiteElo "2348"]
[BlackElo "2640"]
[TimeControl "180+1"]
[EndTime "8:04:24 PST"]
[Termination "Bkmzzzzz won by resignation"]

1. e4 e6 2. Nf3 d5 3. exd5 exd5 4. d4 Nf6 5. Bd3 Bd6 6. O-O O-O 7. c4 dxc4 8. Bxc4 Nc6 9. Bg5 Bg4 10. Nc3 h6 11. Bh4 Bxf3 12. Qxf3 Nxd4 13. Qxb7 Rb8 14. Qxa7 Rxb2 15.
Nd5 Bxh2+ 16. Kxh2 Ng4+ 17. Kh3 Qd7 18. Qxd4 Ne3+ 19.
g4 Nxg4 20. Ne7+ 1-0

[Event "Early-Titled-Tuesday-Blitz-January-30-2024"]
[Site "Chess.com"]
[Date "2024.01.30"]
[Round "1"]
[White "KubaGepard"]
[Black "SantoBlue"]
[Result "0-1"]
[WhiteElo "2517"]
[BlackElo "2959"]
[TimeControl "180+1"]
[EndTime "8:04:29 PST"]
[Termination "SantoBlue won by resignation"]

1. d4 d6 2. Nf3 Nf6 3. Nc3 Nbd7 4. e4 e5 5. Bc4 Be7 6. O-O O-O 7. Re1 c6 8. a4 h6 9. h3 Re8 10. a5 Rb8 11. Be3 b5 12. axb6 axb6 13. d5 c5 14. Nd2 Nf8 15. Bb5 Bd7 16. Qb1 Nh5 17. b4 Bg5 18.
Bxd7 Nxd7 19. Nc4 Bxe3 20. Rxe3 cxb4 21. Qxb4 Nc5 22. Nb5 Nf4 23. Ncxd6 Qg5 24. g3 Nxh3+ 25.
Kh2 Nxf2 26. Rf3 Ng4+ 27. Kg2 Ne3+ 28. Kf2 Nxc2 29. Qc3 Nxa1 30. Qxa1 Ra8 31. Qb1 Qd2+ 32. Kg1 Ra2 0-1

[Event "Early-Titled-Tuesday-Blitz-January-30-2024"]
[Site "Chess.com"]
[Date "2024.01.30"]
[Round "1"]
[White "HeroWilczek"]
[Black "GMSrinath"]
[Result "1-0"]
[WhiteElo "2488"]
[BlackElo "2836"]
[TimeControl "180+1"]
[EndTime "8:04:30 PST"]
[Termination "HeroWilczek won by checkmate"]

1. e4 c5 2. Nf3 d6 3. d4 cxd4 4. Nxd4 Nf6 5. Nc3 Nc6 6. Be2 e5 7. Nxc6 bxc6 8. Qd3 Be7 9. Qg3 O-O 10. O-O Kh8 11. Kh1 Rb8 12. b3 Be6 13. f4 exf4 14. Bxf4 Qa5 15. Rad1 Rbd8 16. a4 d5 17. exd5 Nxd5 18.
Nxd5 Rxd5 19. Rxd5 Bxd5 20. Bd3 Bf6 21. Qh3 g6 22.
Bd6 Re8 23. Rxf6 Re1+ 24. Rf1 Qd2 25. Qc8+ Kg7 26. Qf8# 1-0

[Event "Early-Titled-Tuesday-Blitz-January-30-2024"]
[Site "Chess.com"]
[Date "2024.01.30"]
[Round "1"]
[White "BocharovD"]
[Black "Cheer_Down"]
[Result "1-0"]
[WhiteElo "2838"]
[BlackElo "2466"]
[TimeControl "180+1"]
[EndTime "8:04:31 PST"]
[Termination "BocharovD won by resignation"]

1. e4 c5 2. Nf3 d6 3. d4 cxd4 4. Nxd4 Nf6 5. Nc3 a6 6. Be2 e5 7. Nf3 Be7 8. O-O O-O 9. Bg5 Nbd7 10. a4 b6 11. Bc4 Bb7 12. Re1 Rc8 13. Bb3 h6 14.
Bxf6 Nxf6 15. Nh4 Rxc3 16. bxc3 Nxe4 17. Nf5 d5 18. Bxd5 Bxd5 19. Qxd5 Nxc3 20. Qc4 Bf6 21. Qxc3 e4 22. Qc4 Bxa1 23. Rxa1 Qf6 24. Nd4 b5 25. axb5 axb5 26. Qc5 Rd8 27. c3 e3 28. fxe3 Qg5 29. Qxg5 1-0

[Event "Early-Titled-Tuesday-Blitz-January-30-2024"]
[Site "Chess.com"]
[Date "2024.01.30"]
[Round "1"]
[White "topce"]
[Black "Ginger_GM"]
[Result "0-1"]
[WhiteElo "2366"]
[BlackElo "2684"]
[TimeControl "180+1"]
[EndTime "8:04:31 PST"]
[Termination "Ginger_GM won by resignation"]

1. c4 f5 2. Nc3 Nf6 3. f4 d6 4. Nf3 e5 5. fxe5 dxe5 6. Nxe5 Bd6 7. Nf3 Ng4 8. g3 Be6 9. Bg2 O-O 10. d3 Nc6 11.
Bg5 Qe8 12. Nb5 Bb4+ 13. Nc3 f4 14. Qd2 Ne3 15. Rg1 Bg4 16. Bxf4 Nxg2+ 17. Kf2 Nxf4 18. gxf4 Bxf3 19. Kxf3 Qh5+ 20. Rg4 Ne5+ 21. Ke4 Qxg4 22. Nd5 Bxd2 0-1

[Event "Early-Titled-Tuesday-Blitz-January-30-2024"]
[Site "Chess.com"]
[Date "2024.01.30"]
[Round "1"]
[White "Bushonica"]
[Black "Herzog2012"]
[Result "0-1"]
[WhiteElo "1808"]
[BlackElo "2551"]
[TimeControl "180+1"]
[EndTime "8:04:33 PST"]
[Termination "Herzog2012 won by resignation"]

1. e4 b6 2. d4 Bb7 3. Nc3 Nf6 4.
Bd3 e6 5. Nf3 Bb4 6. Bd2 Bxc3 7.
bxc3 Nxe4 8. Qe2 Nxd2 9. Qxd2 Bxf3 10. gxf3 Qf6 11. Qe3 Nc6 12. Be4 d5 13. Bd3 O-O-O 14. Ba6+ Kb8 15. Bb5 Ne7 16. a4 Nf5 17. Qe2 c5 18.
Rd1 cxd4 19. cxd4 Nxd4 20. Qd3 Nxf3+ 21. Ke2 Ne5 22. Qg3 Rc8 23. Bd3 Kb7 24. Qe3 Rc5 25. Rb1 Rhc8 26. Rhc1 Rc3 27. Qd2 Qf3+ 28. Ke1 Rxd3 29. cxd3 Nxd3+ 0-1

[Event "Early-Titled-Tuesday-Blitz-January-30-2024"]
[Site "Chess.com"]
[Date "2024.01.30"]
[Round "1"]
[White "GroovyKettle"]
[Black "Road2GM3000"]
[Result "1-0"]
[WhiteElo "2981"]
[BlackElo "2523"]
[TimeControl "180+1"]
[EndTime "8:04:36 PST"]
[Termination "GroovyKettle won by resignation"]

1. e4 c5 2. Nf3 d6 3. d4 cxd4 4. Nxd4 Nf6 5. Nc3 a6 6. h4 e5 7.
Nb3 Be6 8. f4 exf4 9. Bxf4 Nc6 10. Qd2 Ne5 11. O-O-O Qc7 12. Kb1 Be7 13. Be2 O-O 14. Nd4 b5 15. Nf5 Rfd8 16. g4 b4 17. Nd5 Bxd5 18. exd5 a5 19. Bxe5 dxe5 20. d6 Ne4 21.
dxc7 Rxd2 22. Nxe7+ Kf8 23. c8=Q+ Rxc8 24. Nxc8 1-0

[Event "Early-Titled-Tuesday-Blitz-January-30-2024"]
[Site "Chess.com"]
[Date "2024.01.30"]
[Round "1"]
[White "GM4life"]
[Black "chedimir"]
[Result "0-1"]
[WhiteElo "2575"]
[BlackElo "2386"]
[TimeControl "180+1"]
[EndTime "8:04:40 PST"]
[Termination "chedimir won by resignation"]

1. d4 d5 2. c4 e6 3. Nf3 Nf6 4. g3 dxc4 5. Bg2 b5 6. Ne5 c6 7. O-O Bb7 8. Nc3 a6 9. b3 b4 10.
Na4 c3 11. a3 a5 12. Bg5 Be7 13. Nc5 Bxc5 14. dxc5 Qxd1 15. Rfxd1 Nd5 16. Nc4 O-O 17. e4 Nf6 18. Nb6 Na6 19. Nxa8 Rxa8 20. axb4 axb4 21. Bxf6 gxf6 22. Rd7 Nxc5 23. Rxa8+ Bxa8 24. Rd8+ Kg7 25. Rxa8 c2 26. Ra1 Nxb3 27. Re1 Nd2 28. Bf1 Nf3+ 0-1

[Event "Early-Titled-Tuesday-Blitz-January-30-2024"]
[Site "Chess.com"]
[Date "2024.01.30"]
[Round "1"]
[White "maximnovik"]
[Black "jamengrand"]
[Result "0-1"]
[WhiteElo "2583"]
[BlackElo "2245"]
[TimeControl "180+1"]
[EndTime "8:04:43 PST"]
[Termination "jamengrand won by resignation"]

1. e4 e5 2. Nf3 Nc6 3. Bc4 Nf6 4. d3 Be7 5. O-O d5 6. exd5 Nxd5 7. h3 O-O 8. Re1 f6 9. Nc3 Be6 10. d4 Kh8 11.
Bxd5 Bxd5 12. dxe5 Bxf3 13. Qxf3 fxe5 14. Qg3 Bh4 15.
Qe3 Bxf2+ 16. Qxf2 Rxf2 17. Kxf2 Nd4 18. Re4 Nxc2 19.
Rb1 Qd3 20. Bg5 Rf8+ 21. Kg1 Qg3 22. Bh4 Qg6 23. Rxe5 Re8 24. Rf1 h6 25. Ref5 Ne3 26. Rf8+ Kh7 0-1

[Event "Early-Titled-Tuesday-Blitz-January-30-2024"]
[Site "Chess.com"]
[Date "2024.01.30"]
[Round "1"]
[White "Sam_ChessMood"]
[Black "atwalcb"]
[Result "1-0"]
[WhiteElo "2929"]
[BlackElo "2508"]
[TimeControl "180+1"]
[EndTime "8:04:44 PST"]
[Termination "Sam_ChessMood won by resignation"]

1. d4 Nf6 2. c4 e6 3. Nc3 Bb4 4. e3 b6 5. Ne2 Bb7 6. a3 Be7 7. Ng3 d5 8. cxd5 Nxd5 9. Bb5+ Nd7 10. O-O Nxc3 11. bxc3 O-O 12. e4 e5 13. Qe2 Bf6 14.
Rd1 exd4 15. cxd4 c6 16. Bc4 c5 17. e5 Re8 18. Qg4 Bh4 19. Nf5 1-0

[Event "Early-Titled-Tuesday-Blitz-January-30-2024"]
[Site "Chess.com"]
[Date "2024.01.30"]
[Round "1"]
[White "Skatchkov_V"]
[Black "treadstone_71"]
[Result "1-0"]
[WhiteElo "2615"]
[BlackElo "2269"]
[TimeControl "180+1"]
[EndTime "8:04:49 PST"]
[Termination "Skatchkov_V won by resignation"]

1. d4 Nf6 2. c4 g6 3. Nc3 Bg7 4. e4 d6 5. h3 O-O 6. Bg5 c5 7.
d5 e6 8. Bd3 exd5 9. exd5 Re8+ 10. Nge2 Nbd7 11. f4 a6 12. O-O b5 13. cxb5 axb5 14.
Bxb5 Qb6 15. Qc2 Ba6 16. a4 Bxb5 17. axb5 Rxa1 18. Rxa1 c4+ 19. Kh2 Qe3 20. Ra4 Nb6 21. Bxf6 Bxf6 22. Ra1 Bxc3 23. Nxc3 Qxf4+ 24. Kh1 Qd4 25. Rd1 Qf2 26. Qxf2 1-0

[Event "Early-Titled-Tuesday-Blitz-January-30-2024"]
[Site "Chess.com"]
[Date "2024.01.30"]
[Round "1"]
[White "shimastream"]
[Black "betta2004"]
[Result "1-0"]
[WhiteElo "3027"]
[BlackElo "2533"]
[TimeControl "180+1"]
[EndTime "8:04:50 PST"]
[Termination "shimastream won by resignation"]

1. e4 e5 2. Nf3 Nf6 3. Nxe5 Nxe4 4. d3 Nf6 5. d4 d6 6. Nf3 d5 7. Bd3 Bd6 8. Qe2+ Qe7 9. Qxe7+ Bxe7 10. Bf4 c6 11.
O-O O-O 12. Re1 Re8 13. a4 a5 14. Nbd2 Na6 15. c3 h6 16. h3 Be6 17. Re2 Bd8 18.
Rae1 Bc7 19. Bxa6 Bxf4 20. Bxb7 Rab8 21. Bxc6 Rec8 22. Bb5 Bd7 23. Bxd7 Nxd7 24. Nf1 Nb6 25. g3 Bd6 26. Ra1 Nc4 27. Ra2 Rb7 28. Ne3 Nxe3 29.
Rxe3 Rcb8 30. Re2 g6 31. Ne1 Kg7 32. Nd3 Rc8 33. Ra1 Rcb8 34. Kg2 Kf6 35. f4 g5 36. fxg5+ hxg5 37. Rf1+ Kg6 38. g4 Bf8 39. Rf5 Rd8 40.
Ne5+ Kg7 41. Rxg5+ Kh6 42. Rf5 1-0

[Event "Early-Titled-Tuesday-Blitz-January-30-2024"]
[Site "Chess.com"]
[Date "2024.01.30"]
[Round "1"]
[White "kai_nov"]
[Black "Emp3rador"]
[Result "0-1"]
[WhiteElo "2279"]
[BlackElo "2620"]
[TimeControl "180+1"]
[EndTime "8:04:52 PST"]
[Termination "Emp3rador won by resignation"]

1. e4 d5 2. exd5 Qxd5 3. Nc3 Qd6 4. Nf3 Nf6 5. d4 a6 6. Bd3 b5 7. O-O Bb7 8. Re1 Nbd7 9. Ne5 e6 10. Ne4 Qxd4 11.
Nxf6+ gxf6 12. Nxf7 Bc5 13. Be3 Qd5 14. Qg4 Kxf7 15. Bxc5 Rag8 0-1